[Event "ICC tourney 2875 (40 10)"]
[Site "Internet Chess Club"]
[Date "2022.04.09"]
[Round "1"]
[White "WANG, ALEXANDER J:ickyquarter"]
[Black "Qiao, Ethan:CougarForest"]
[Result "1-0"]
[ICCResult "Black resigns"]
[WhiteElo "1918"]
[BlackElo "1479"]
[Opening "Sicilian: Najdorf, Zagreb (fianchetto) variation"]
[ECO "B91"]
[NIC "SI.14"]
[Time "11:00:07"]
[PlyCount "59"]
[TimeControl "2400+10"]

1. e4 c5 2. Nf3 d6 3. d4 cxd4 4. Nxd4 Nf6 5. Nc3 a6 6. g3 e5 7. Nde2 Be6 8.
Bg2 Nbd7 9. O-O Be7 10. h3 O-O 11. g4 Nc5 12. Ng3 Qc7 13. Be3 Rfd8 14. g5
Ne8 15. h4 Qc6 16. Nd5 Bxd5 17. exd5 Qd7 18. c3 b5 19. Kh2 Rab8 20. Bh3 Qb7
21. Bg2 Nd7 22. Qg4 Nb6 23. Nf5 Nc4 24. b3 Nxe3 25. fxe3 g6 26. Nh6+ Kh8 27.
Nxf7+ Kg7 28. Nxd8 Rxd8 29. Qe6 Rd7 30. Qf7+ {Black resigns} 1-0

[Event "ICC tourney 2875 (40 10)"]
[Site "Internet Chess Club"]
[Date "2022.04.09"]
[Round "1"]
[White "SRIPADA, HAVISH:brilliantnessme"]
[Black "ALLEN, SPENCER NATHANIEL:SpencerNA"]
[Result "1-0"]
[ICCResult "Black resigns"]
[WhiteElo "1985"]
[BlackElo "1649"]
[Opening "Caro-Kann: advance variation"]
[ECO "B12"]
[NIC "CK.04"]
[Time "11:00:07"]
[PlyCount "67"]
[TimeControl "2400+10"]

1. e4 c6 2. d4 d5 3. e5 Bf5 4. Nf3 e6 5. Be2 c5 6. Be3 Qb6 7. Nc3 a6 8. Na4
Qa5+ 9. c3 c4 10. Nh4 Be4 11. f3 Bg6 12. Nxg6 hxg6 13. O-O b5 14. Nc5 Bxc5
15. dxc5 Nd7 16. f4 Ne7 17. Bd4 Qc7 18. b4 cxb3 19. axb3 O-O 20. b4 Nb8 21.
Bxb5 Nbc6 22. Bxa6 Nxd4 23. cxd4 Nf5 24. Qd3 Rfb8 25. b5 f6 26. b6 Qc6 27.
Bb5 Qb7 28. Ba4 Ra5 29. Bd7 Rxa1 30. Bxe6+ Kf8 31. Rxa1 Ra8 32. Rc1 Ne7 33.
Qh3 Ng8 34. Qh8 {Black resigns} 1-0

[Event "ICC tourney 2875 (40 10)"]
[Site "Internet Chess Club"]
[Date "2022.04.09"]
[Round "1"]
[White "CHIANG, JACOB:Cobysters"]
[Black "GUSEINOV, GADIR:GGuseinov"]
[Result "0-1"]
[ICCResult "White resigns"]
[WhiteElo "1897"]
[BlackElo "2711"]
[Opening "King's Indian: 6.Be2"]
[ECO "E91"]
[NIC "KI.19"]
[Time "11:00:08"]
[PlyCount "68"]
[TimeControl "2400+10"]

1. c4 g6 2. d4 Bg7 3. e4 d6 4. Nc3 Nf6 5. Nf3 O-O 6. Be2 Bg4 7. O-O Nfd7 8.
Be3 Nc6 9. Qd2 Bxf3 10. Bxf3 e5 11. d5 Nd4 12. Bd1 c5 13. dxc6 bxc6 14. b4
a5 15. b5 Nb6 16. Qd3 Rc8 17. Bb3 cxb5 18. Nxb5 a4 19. Bd1 Rxc4 20. Nxd4
exd4 21. Bd2 d5 22. Bf3 Nd7 23. exd5 Ne5 24. Qa3 d3 25. Rae1 Nxf3+ 26. gxf3
Qxd5 27. Re3 Rh4 28. Rxd3 Qh5 29. Re1 Rxh2 30. Kf1 Rh1+ 31. Ke2 Re8+ 32. Re3
Qb5+ 33. Qd3 Rxe3+ 34. Bxe3 Rxe1+ {White resigns} 0-1

[Event "ICC tourney 2875 (40 10)"]
[Site "Internet Chess Club"]
[Date "2022.04.09"]
[Round "1"]
[White "LIANG, ETHAN Y:ELCCEthan488"]
[Black "RASULOV, VUGAR:Vugar-Rasulov"]
[Result "0-1"]
[ICCResult "White resigns"]
[WhiteElo "1852"]
[BlackElo "2504"]
[Opening "QGD Slav defense: exchange variation"]
[ECO "D10"]
[NIC "SL.01"]
[Time "11:00:14"]
[PlyCount "70"]
[TimeControl "2400+10"]

1. d4 d5 2. c4 c6 3. cxd5 cxd5 4. Bf4 Nf6 5. Nc3 Nc6 6. e3 Bf5 7. Qb3 Na5 8.
Qa4+ Bd7 9. Bb5 e6 10. Nf3 a6 11. Bxd7+ Nxd7 12. Ne5 b5 13. Qd1 Be7 14. a3
O-O 15. b4 Nxe5 16. Bxe5 Nc4 17. Bg3 Rc8 18. Qb3 Qd7 19. a4 bxa4 20. Nxa4
Qb5 21. Nc5 Bxc5 22. dxc5 Rxc5 23. Rxa6 Qxa6 24. bxc5 Ra8 25. Qd1 Nb2 26.
Qb1 Nd3+ 27. Kd2 Nxc5 28. Rc1 Ne4+ 29. Ke1 h6 30. Be5 Qa5+ 31. Ke2 Qd2+ 32.
Kf3 Qxf2+ 33. Kg4 Qf5+ 34. Kh4 g5+ 35. Kh5 g4+ {White resigns} 0-1

[Event "ICC tourney 2875 (40 10)"]
[Site "Internet Chess Club"]
[Date "2022.04.09"]
[Round "1"]
[White "HEBDEN, MARK L:mhebden"]
[Black "REISS, AIDEN:K09-16581243"]
[Result "1-0"]
[ICCResult "Black resigns"]
[WhiteElo "2498"]
[BlackElo "1833"]
[Opening "Sicilian: Najdorf, 7...Be7"]
[ECO "B98"]
[NIC "SI.09"]
[Time "11:00:30"]
[PlyCount "47"]
[TimeControl "2400+10"]

1. e4 c5 2. Nf3 d6 3. d4 cxd4 4. Nxd4 Nf6 5. Nc3 a6 6. Bg5 e6 7. f4 Be7 8.
Qf3 O-O 9. O-O-O Qc7 10. Bd3 Nbd7 11. Rhe1 h6 12. Bh4 b5 13. e5 Bb7 14. Qe2
dxe5 15. fxe5 Bc5 16. Nxe6 fxe6 17. exf6 Nxf6 18. Qxe6+ Kh8 19. Qf5 Ne4 20.
Qg6 Rf6 21. Bxf6 Nxf6 22. Re6 b4 23. Ne4 Nxe4 24. Rxe4 {Black resigns} 1-0

[Event "ICC tourney 2875 (40 10)"]
[Site "Internet Chess Club"]
[Date "2022.04.09"]
[Round "1"]
[White "LENDERMAN, ALEKSANDR:manest"]
[Black "WANG, JEFFERY:creativechesski"]
[Result "1-0"]
[ICCResult "Black resigns"]
[WhiteElo "2524"]
[BlackElo "1865"]
[Opening "Réti opening"]
[ECO "A06"]
[NIC "QP.09"]
[Time "11:00:15"]
[PlyCount "101"]
[TimeControl "2400+10"]

1. Nf3 d5 2. e3 Nf6 3. c4 e6 4. Nc3 b6 5. b3 Bb7 6. Bb2 Be7 7. cxd5 exd5 8.
d4 O-O 9. Bd3 Nbd7 10. O-O Ne4 11. Qe2 Ndf6 12. Rac1 c5 13. Ba6 Bxa6 14.
Qxa6 Nxc3 15. Rxc3 Ne4 16. Rc2 Bd6 17. Rd1 Bc7 18. Qd3 Qe7 19. g3 Rad8 20.
Qf1 Rd6 21. dxc5 bxc5 22. Be5 Ng5 23. Nxg5 Qxe5 24. Nh3 Bb6 25. Nf4 Rfd8 26.
Rcc1 Rf6 27. Qg2 d4 28. Nd3 Qe7 29. e4 Re6 30. e5 f6 31. exf6 Rxf6 32. Re1
Re6 33. Rxe6 Qxe6 34. Re1 Qf5 35. Qe4 Qxe4 36. Rxe4 Kf7 37. Kg2 Re8 38. Rxe8
Kxe8 39. Kf3 Kf7 40. Ke4 Ke6 41. f4 g6 42. g4 a5 43. a4 h5 44. gxh5 gxh5 45.
f5+ Kf7 46. Ne5+ Ke7 47. f6+ Ke8 48. f7+ Ke7 49. Nd7 Kxf7 50. Nxb6 Ke6 51.
Nc4 {Black resigns} 1-0

[Event "ICC tourney 2875 (40 10)"]
[Site "Internet Chess Club"]
[Date "2022.04.09"]
[Round "1"]
[White "CHINNI, RISHABH:alphachesplayer"]
[Black "HU, MERRIC:K09-14686967"]
[Result "0-1"]
[ICCResult "White resigns"]
[WhiteElo "1687"]
[BlackElo "2027"]
[Opening "Sicilian: accelerated fianchetto, Maróczy bind"]
[ECO "B36"]
[NIC "SI.33"]
[Time "11:01:01"]
[PlyCount "82"]
[TimeControl "2400+10"]

1. e4 c5 2. Nf3 Nc6 3. d4 cxd4 4. Nxd4 g6 5. c4 Nf6 6. Nc3 d6 7. f3 Bg7 8.
Be3 O-O 9. Qd2 Bd7 10. Be2 a5 11. b3 Nxd4 12. Bxd4 Bc6 13. O-O Nd7 14. Be3
Nc5 15. Rac1 Qb6 16. Rfd1 Kh8 17. Nd5 Bxd5 18. cxd5 f5 19. Kh1 Qb4 20. Qxb4
axb4 21. Bxc5 dxc5 22. Rxc5 Rxa2 23. Bd3 fxe4 24. Bxe4 Rb2 25. Rb5 Rxb3 26.
Rxb7 Bf6 27. Rb1 Rxb1+ 28. Bxb1 Rd8 29. Be4 Rc8 30. g3 Rc4 31. Rb8+ Kg7 32.
Kg2 Be5 33. Rb7 Bd6 34. Kf2 Rc1 35. Kg2 Rd1 36. h4 h5 37. g4 Rd2+ 38. Kg1
Bc5+ 39. Kh1 Kf6 40. g5+ Ke5 41. Bxg6 Kf4 {White resigns} 0-1

[Event "ICC tourney 2875 (40 10)"]
[Site "Internet Chess Club"]
[Date "2022.04.09"]
[Round "1"]
[White "YANG, ALEXANDER:K05-16917728"]
[Black "Vittal, Sanjana:MCTS13"]
[Result "0-1"]
[ICCResult "White checkmated"]
[WhiteElo "1625"]
[BlackElo "1980"]
[Opening "QGD: Ragozin variation"]
[ECO "D38"]
[NIC "NI.27"]
[Time "11:00:20"]
[PlyCount "62"]
[TimeControl "2400+10"]

1. d4 d5 2. c4 e6 3. Nc3 Bb4 4. Nf3 Nf6 5. Bg5 h6 6. Bxf6 Qxf6 7. Qa4+ Nc6
8. Ne5 Bd7 9. Nxc6 Bxc3+ 10. bxc3 Bxc6 11. Qb4 a5 12. Qc5 dxc4 13. Qxc4 O-O
14. Qd3 e5 15. f3 Rad8 16. e3 Rfe8 17. Kf2 e4 18. Qe2 exf3 19. gxf3 Qh4+ 20.
Kg1 Rd6 21. Bg2 Rg6 22. Rf1 Qg5 23. Re1 Rxe3 24. h4 Rxe2 25. Rxe2 Qc1+ 26.
Kf2 Qxc3 27. h5 Rxg2+ 28. Kxg2 Qxf3+ 29. Kg1 Qxe2 30. d5 Bxd5 31. Rh2 Qe1#
{White checkmated}
0-1

[Event "ICC tourney 2875 (40 10)"]
[Site "Internet Chess Club"]
[Date "2022.04.09"]
[Round "1"]
[White "SHEEHAN, ETHAN THOMAS:Chessking2008"]
[Black "ARUTLA, ADITYA:adiaru27"]
[Result "1-0"]
[ICCResult "Black checkmated"]
[WhiteElo "2250"]
[BlackElo "1749"]
[Opening "QGD semi-Slav: Chigorin defense"]
[ECO "D46"]
[NIC "SL.08"]
[Time "11:05:26"]
[PlyCount "109"]
[TimeControl "2400+10"]

1. d4 d5 2. c4 c6 3. Nc3 Nf6 4. Nf3 e6 5. e3 Nbd7 6. Bd3 Bd6 7. O-O dxc4 8.
Bxc4 b5 9. Bd3 a6 10. e4 e5 11. dxe5 Nxe5 12. Nxe5 Bxe5 13. h3 O-O 14. Be3
Re8 15. Qc2 Qe7 16. Rfe1 Bb7 17. Ne2 Bd6 18. Nd4 g6 19. Bg5 c5 20. Nf3 c4
21. e5 cxd3 22. Qxd3 Bxe5 23. Nxe5 Rad8 24. Qf1 Qd6 25. Rad1 Bd5 26. Bxf6
Qxf6 27. Rxd5 Rxd5 28. Ng4 Rxe1 29. Nxf6+ Kg7 30. Nxd5 Rxf1+ 31. Kxf1 f5 32.
Nc7 a5 33. Nxb5 Kf6 34. Nd4 Ke5 35. Nc6+ Kd5 36. Nxa5 Kc5 37. Nb3+ Kb4 38.
Nc1 Ka4 39. Nd3 Kb5 40. b3 Ka5 41. a4 Kb6 42. b4 Ka6 43. Nc5+ Kb6 44. a5+
Ka7 45. b5 Kb8 46. b6 Ka8 47. a6 Kb8 48. Nd7+ Kc8 49. b7+ Kxd7 50. b8=Q Kc6
51. a7 Kc5 52. a8=Q Kd4 53. Qd6+ Kc3 54. Qaa3+ Kc2 55. Qdd3# {Black
checkmated} 1-0

[Event "ICC tourney 2875 (40 10)"]
[Site "Internet Chess Club"]
[Date "2022.04.09"]
[Round "1"]
[White "SHOLL, CRAIG H:craigsholl66"]
[Black "QUIRKE, JEFFREY L:PawnEatingZombi"]
[Result "0-1"]
[ICCResult "White resigns"]
[WhiteElo "1696"]
[BlackElo "2049"]
[Opening "Caro-Kann defense"]
[ECO "B10"]
[NIC "CK.01"]
[Time "11:00:11"]
[PlyCount "80"]
[TimeControl "2400+10"]

1. e4 c6 2. e5 d5 3. exd6 Qxd6 4. Nf3 Nf6 5. Be2 g6 6. O-O Bg7 7. d4 O-O 8.
Nc3 b6 9. Be3 Bb7 10. a3 Nbd7 11. Qd2 Qc7 12. Bf4 Qd8 13. h3 Re8 14. Rfe1
Nd5 15. Bg5 Nxc3 16. bxc3 Nf6 17. Bc4 Nd5 18. Bb3 b5 19. c4 bxc4 20. Bxc4
Nb6 21. Bb3 c5 22. Ne5 c4 23. Nxc4 Qd5 24. f3 Nxc4 25. Bxc4 Qxc4 26. c3 e6
27. Reb1 Ba6 28. Rb4 Qd3 29. Qxd3 Bxd3 30. Rd1 Ba6 31. Ra4 Bb7 32. Rb1 Bc6
33. Ra6 Rec8 34. Be3 Bd5 35. Ra4 Rxc3 36. Rxa7 Rac8 37. Bf2 Rc1+ 38. Rxc1
Rxc1+ 39. Kh2 Rc2 40. Kg1 Rxf2 {White resigns} 0-1

[Event "ICC tourney 2875 (40 10)"]
[Site "Internet Chess Club"]
[Date "2022.04.09"]
[Round "1"]
[White "LYNN, BENNETT:ben622"]
[Black "Nguyen, Hoa Duc:leoman"]
[Result "0-1"]
[ICCResult "White resigns"]
[WhiteElo "1813"]
[BlackElo "2469"]
[Opening "Sicilian: Nimzovich-Rossolimo attack (without ...d6)"]
[ECO "B30"]
[NIC "SI.31"]
[Time "11:00:17"]
[PlyCount "60"]
[TimeControl "2400+10"]

1. e4 c5 2. Nf3 Nc6 3. Bb5 e6 4. Bxc6 bxc6 5. O-O Ne7 6. e5 Ng6 7. Re1 Be7
8. d4 cxd4 9. Qxd4 c5 10. Qc3 O-O 11. Nbd2 Bb7 12. Ne4 f6 13. exf6 Bxf6 14.
Qxc5 Be7 15. Qd4 Qc7 16. c3 Rxf3 17. gxf3 Nh4 18. Qd3 Rf8 19. f4 e5 20. c4
Qc6 21. Bd2 Qg6+ 22. Qg3 Nf3+ 23. Kf1 Bxe4 24. Qxg6 hxg6 25. Red1 Nxh2+ 26.
Ke1 Bd3 27. Rdc1 e4 28. a3 Rf5 29. Be3 Nf3+ 30. Kd1 Rh5 {White resigns} 0-1

[Event "ICC tourney 2875 (40 10)"]
[Site "Internet Chess Club"]
[Date "2022.04.09"]
[Round "1"]
[White "LIVNE, OREN:orenlivne"]
[Black "MITRABHA, GUHA:babysnake"]
[Result "0-1"]
[ICCResult "White resigns"]
[WhiteElo "1869"]
[BlackElo "2560"]
[Opening "English opening"]
[ECO "A05"]
[NIC "EO.47"]
[Time "11:01:01"]
[PlyCount "120"]
[TimeControl "2400+10"]

1. Nf3 Nf6 2. c4 b6 3. g3 Bb7 4. Bg2 c5 5. O-O g6 6. b3 Bg7 7. Bb2 O-O 8.
Nc3 d6 9. e3 Nbd7 10. d4 Ne4 11. Qc2 Nxc3 12. Bxc3 Rb8 13. d5 b5 14. Bxg7
Kxg7 15. Qc3+ Kg8 16. Nd2 Ba6 17. Rfe1 Qb6 18. Bh3 Nf6 19. e4 bxc4 20. Nxc4
Qb4 21. Rac1 Rfd8 22. Na5 Qxc3 23. Rxc3 Bb5 24. Nc6 Bxc6 25. dxc6 Ne8 26.
Bd7 Nc7 27. Rc4 Kf8 28. e5 Rb4 29. Rxb4 cxb4 30. exd6 exd6 31. f4 Rb8 32.
Kf2 Rb5 33. Re2 Rc5 34. Kf3 a5 35. g4 h6 36. h4 f6 37. f5 Rc3+ 38. Kg2 gxf5
39. gxf5 d5 40. Rd2 Ke7 41. Kf2 Kd6 42. Ke2 Rh3 43. Kd1 Rxh4 44. Rg2 d4 45.
Kd2 Nd5 46. Re2 Nc7 47. Kd3 h5 48. Rg2 Rf4 49. Kc4 h4 50. Rg7 Rf2 51. Kxd4
h3 52. Rh7 h2 53. Kc4 Rxa2 54. Rh3 Rc2+ 55. Kd4 a4 56. bxa4 b3 57. Kd3 Nd5
58. Rh6 Nb4+ 59. Ke3 b2 60. Rxf6+ Kc7 {White resigns} 0-1

[Event "ICC tourney 2875 (40 10)"]
[Site "Internet Chess Club"]
[Date "2022.04.09"]
[Round "1"]
[White "MENDES, AARON REEVE:K03-30164243"]
[Black "DENG, HENRY:SuperPuzzler"]
[Result "0-1"]
[ICCResult "White checkmated"]
[WhiteElo "1750"]
[BlackElo "2090"]
[Opening "Scotch: Mieses variation"]
[ECO "C45"]
[NIC "SO.04"]
[Time "11:00:41"]
[PlyCount "100"]
[TimeControl "2400+10"]

1. e4 e5 2. Nf3 Nc6 3. d4 exd4 4. Nxd4 Nf6 5. Nxc6 bxc6 6. e5 Qe7 7. Qe2 Nd5
8. c4 Ba6 9. b3 g6 10. g3 Bg7 11. Bb2 O-O 12. Bh3 d6 13. O-O dxe5 14. Re1
Rfe8 15. Nc3 f5 16. Rad1 Rad8 17. Na4 Qb4 18. Qc2 Nb6 19. a3 Qe7 20. Nc3 Nd7
21. Bg2 e4 22. f3 Ne5 23. fxe4 Ng4 24. Rxd8 Rxd8 25. h3 Bd4+ 26. Kh1 Qe5 27.
Ne2 Nf2+ 28. Kg1 Nxh3+ 29. Kh2 Bxb2 30. Kxh3 Bxa3 31. Nf4 Bc8 32. Kh2 fxe4
33. Bxe4 Qa5 34. Ra1 Rd2+ 35. Qxd2 Qxd2+ 36. Kg1 Qd4+ 37. Kh2 Qxa1 38. Bxc6
Qb2+ 39. Ng2 Bc5 40. Bd5+ Kg7 41. b4 Qxb4 42. g4 Qb1 43. Kg3 Qd3+ 44. Kh2
Bxg4 45. Nf4 Bd6 46. c5 Bxf4+ 47. Kg1 Qe3+ 48. Kf1 Bh3+ 49. Bg2 Bg3 50. Bxh3
Qf2# {White checkmated} 0-1

[Event "ICC tourney 2875 (40 10)"]
[Site "Internet Chess Club"]
[Date "2022.04.09"]
[Round "1"]
[White "TANG, ZOEY:WonderZ"]
[Black "LING, CHENXUAN:UnicornMM"]
[Result "1-0"]
[ICCResult "Black checkmated"]
[WhiteElo "2072"]
[BlackElo "1740"]
[Opening "Réti opening"]
[ECO "A04"]
[NIC "QP.10"]
[Time "11:00:06"]
[PlyCount "95"]
[TimeControl "2400+10"]

1. Nf3 c5 2. g3 Nc6 3. Bg2 g6 4. d4 cxd4 5. Nxd4 Bg7 6. c3 Nf6 7. O-O O-O 8.
Nd2 Nxd4 9. cxd4 d5 10. Nb3 Bf5 11. Bg5 h6 12. Bd2 Rc8 13. Bb4 b6 14. Rc1
Qd7 15. f3 h5 16. Qd2 Kh7 17. Ba3 Bh6 18. e3 Qe6 19. Rfe1 Rc4 20. Bf1 Rxc1
21. Nxc1 Rc8 22. Nd3 Nd7 23. Nf4 Qc6 24. Bxe7 Bxf4 25. exf4 Qb7 26. Ba3 Rc2
27. Qe3 Qc6 28. h3 Qf6 29. Kh1 Qc6 30. g4 hxg4 31. hxg4 Be6 32. Bd3 Nf6 33.
Bxc2 Qxc2 34. Qe2 Qxe2 35. Rxe2 Kg7 36. Kg2 Nd7 37. Bd6 b5 38. Rc2 Nb6 39.
b3 a5 40. Bc7 Nd7 41. Bxa5 Nf6 42. Bc7 Bd7 43. Be5 b4 44. g5 Bb5 45. Bxf6+
Kh7 46. Kg1 Bd7 47. Rh2+ Kg8 48. Rh8# {Black checkmated} 1-0

[Event "ICC tourney 2875 (40 10)"]
[Site "Internet Chess Club"]
[Date "2022.04.09"]
[Round "1"]
[White "JIN, JERRY:MysteryHunter"]
[Black "Kodarapu, Ishaan:pika0008"]
[Result "1/2-1/2"]
[ICCResult "Game drawn by repetition"]
[WhiteElo "1595"]
[BlackElo "1947"]
[Opening "Sicilian: Labourdonnais-Löwenthal variation"]
[ECO "B32"]
[NIC "SI.32"]
[Time "11:00:10"]
[PlyCount "116"]
[TimeControl "2400+10"]

1. e4 c5 2. Nf3 Nc6 3. d4 cxd4 4. Nxd4 e5 5. Nb3 Nf6 6. Bd3 d5 7. exd5 Nxd5
8. O-O Be6 9. Re1 Be7 10. Bd2 O-O 11. Nc3 Qd7 12. Nxd5 Bxd5 13. Qe2 Qc7 14.
Bc3 Bd6 15. h3 Rfe8 16. Be4 Be6 17. Rad1 Rad8 18. Qf3 f6 19. Bxc6 Qxc6 20.
Qxc6 bxc6 21. Na5 Bd5 22. Nb7 Rd7 23. Nxd6 Rxd6 24. Bb4 Rdd8 25. b3 Rb8 26.
Bc5 Kf7 27. c4 Be6 28. Rd6 Rec8 29. f4 Rd8 30. Rxc6 Rbc8 31. Rxc8 Rxc8 32.
Bxa7 Ra8 33. Bb6 Rxa2 34. fxe5 fxe5 35. Rxe5 Rb2 36. Rb5 g6 37. Bd4 Rb1+ 38.
Kh2 Bf5 39. c5 Ke6 40. Rb6+ Kd5 41. Bf2 Rb2 42. Kg3 h5 43. Rd6+ Ke4 44. Rd4+
Ke5 45. Rb4 Kd5 46. Rb6 g5 47. b4 h4+ 48. Kf3 Be4+ 49. Ke3 Rb3+ 50. Ke2 Rb2+
51. Ke3 Rb3+ 52. Ke2 Rb2+ 53. Ke3 Rb3+ 54. Ke2 Rb2+ 55. Ke3 Rb3+ 56. Ke2
Rb2+ 57. Ke3 Rb3+ 58. Ke2 Rb2+ {Game drawn by repetition} 1/2-1/2

[Event "ICC tourney 2875 (40 10)"]
[Site "Internet Chess Club"]
[Date "2022.04.09"]
[Round "1"]
[White "JEGAN, ALAN:playtowin2020"]
[Black "Luo, Will:willluowin"]
[Result "1-0"]
[ICCResult "Black checkmated"]
[WhiteElo "2037"]
[BlackElo "1692"]
[Opening "Caro-Kann: exchange variation"]
[ECO "B13"]
[NIC "CK.02"]
[Time "11:01:01"]
[PlyCount "107"]
[TimeControl "2400+10"]

1. e4 c6 2. d4 d5 3. exd5 cxd5 4. Bd3 Nc6 5. c3 g6 6. Nd2 Nh6 7. Ngf3 Bf5 8.
Bxf5 Nxf5 9. Nf1 Bg7 10. Bf4 Rc8 11. Ne3 Nxe3 12. fxe3 e6 13. O-O O-O 14.
Qe2 Qe7 15. Rae1 Rce8 16. Qf2 e5 17. e4 dxe4 18. Rxe4 f5 19. Re2 e4 20. Qg3
Qd7 21. Nd2 Ne7 22. Bd6 Rd8 23. Ba3 Rfe8 24. Nb3 b6 25. h4 Nd5 26. h5 Qf7
27. Qh3 Nf6 28. hxg6 hxg6 29. Qh4 Ng4 30. Rxe4 Bf6 31. Rxe8+ Rxe8 32. Qg3
Qh7 33. Nd2 Bh4 34. Qh3 Re2 35. Nf3 Bf2+ 36. Rxf2 Rxf2 37. Qg3 Qb7 38. Qd6
Qc8 39. Qxg6+ Kh8 40. Ng5 Rxg2+ 41. Kxg2 Qb7+ 42. Kg3 f4+ 43. Kxg4 Qg2+ 44.
Kxf4 Qh2+ 45. Kf5 Qf2+ 46. Ke6 Qe3+ 47. Kf7 Qf4+ 48. Qf6+ Qxf6+ 49. Kxf6 b5
50. Bf8 b4 51. Bg7+ Kg8 52. Kg6 bxc3 53. Nh7 cxb2 54. Nf6# {Black
checkmated} 1-0

[Event "ICC tourney 2875 (40 10)"]
[Site "Internet Chess Club"]
[Date "2022.04.09"]
[Round "1"]
[White "IVANOV, ALEXANDER:marble"]
[Black "LU, YIDING:K05-16857692"]
[Result "1-0"]
[ICCResult "Black resigns"]
[WhiteElo "2391"]
[BlackElo "1790"]
[Opening "French: Tarrasch, open variation"]
[ECO "C07"]
[NIC "FR.19"]
[Time "11:00:05"]
[PlyCount "99"]
[TimeControl "2400+10"]

1. e4 e6 2. d4 d5 3. Nd2 c5 4. exd5 Qxd5 5. dxc5 Bxc5 6. Ngf3 Nf6 7. Bc4 Qd8
8. Qe2 O-O 9. Nb3 Be7 10. Bf4 a6 11. a4 b6 12. Bxb8 Rxb8 13. Bxa6 Bxa6 14.
Qxa6 Bb4+ 15. c3 Qd5 16. Nbd2 Bd6 17. O-O Qh5 18. Qb5 Qh6 19. Nc4 Bc7 20.
Nce5 Ra8 21. Nc6 Nd5 22. c4 Nf4 23. Rfd1 e5 24. Ne7+ Kh8 25. Qc6 Qxc6 26.
Nxc6 e4 27. Nfd4 f5 28. b3 Rf6 29. Ne7 Raf8 30. g3 Ne6 31. Nxe6 Rxe6 32. Nd5
Be5 33. Ra2 g5 34. Re2 Bg7 35. f3 Rd8 36. fxe4 Rxe4 37. Rxe4 fxe4 38. Kf2 g4
39. Ke3 Re8 40. Nxb6 Bh6+ 41. Ke2 e3 42. Nd5 Bg5 43. Rd3 h5 44. a5 Ra8 45.
b4 h4 46. gxh4 Bxh4 47. Rxe3 Rf8 48. Re4 Rf2+ 49. Kd3 Rg2 50. Ne3
{Black resigns}
1-0

[Event "ICC tourney 2875 (40 10)"]
[Site "Internet Chess Club"]
[Date "2022.04.09"]
[Round "1"]
[White "OPASKA, MICHAEL:mopaska1106"]
[Black "CHEN, RYO WENYU:e4f5"]
[Result "1/2-1/2"]
[ICCResult "Game drawn by mutual agreement"]
[WhiteElo "1778"]
[BlackElo "2295"]
[Opening "King's Indian: Four pawns attack"]
[ECO "A68"]
[NIC "KI.57"]
[Time "11:00:23"]
[PlyCount "97"]
[TimeControl "2400+10"]

1. d4 Nf6 2. c4 g6 3. Nc3 Bg7 4. e4 d6 5. f4 O-O 6. Nf3 c5 7. d5 e6 8. Be2
exd5 9. cxd5 Nbd7 10. O-O Re8 11. Nd2 c4 12. e5 dxe5 13. Nxc4 Nb6 14. fxe5
Nfxd5 15. Nd6 Nxc3 16. bxc3 Rf8 17. Nxf7 Qxd1 18. Bxd1 Be6 19. Nh6+ Kh8 20.
Rxf8+ Rxf8 21. Bb3 Bxb3 22. axb3 Bxe5 23. Rxa7 Bxc3 24. g3 Ra8 25. Rxb7 Ra1
26. Kg2 Rxc1 27. Rxb6 Rc2+ 28. Kf3 Rxh2 29. Ng4 Rh5 30. Ne3 Bd4 31. Rb7 Rc5
32. Nc4 h5 33. Ke4 Bf6 34. Nd6 Re5+ 35. Kf3 Re6 36. Ne4 Be7 37. b4 g5 38. b5
Kg8 39. b6 Kf8 40. Rb8+ Kf7 41. b7 g4+ 42. Kf4 Rb6 43. Rh8 Rxb7 44. Rxh5 Rb4
45. Kf5 Rb5+ 46. Kxg4 Rb4 47. Kf5 Rb5+ 48. Kg4 Rb4 49. Kf5
{Game drawn by mutual agreement}
1/2-1/2

[Event "ICC tourney 2875 (40 10)"]
[Site "Internet Chess Club"]
[Date "2022.04.09"]
[Round "2"]
[White "RASULOV, VUGAR:Vugar-Rasulov"]
[Black "SRIPADA, HAVISH:brilliantnessme"]
[Result "1-0"]
[ICCResult "Black resigns"]
[WhiteElo "2504"]
[BlackElo "1985"]
[Opening "QGD: classical variation (5.Bf4)"]
[ECO "D31"]
[NIC "QO.04"]
[Time "13:15:30"]
[PlyCount "57"]
[TimeControl "2400+10"]

1. d4 d5 2. c4 e6 3. Nc3 Be7 4. Nf3 Nf6 5. Bf4 O-O 6. e3 b6 7. cxd5 Nxd5 8.
Nxd5 Qxd5 9. Bd3 Ba6 10. O-O Bxd3 11. Qxd3 c5 12. e4 Qd8 13. d5 exd5 14.
exd5 Bd6 15. Ng5 g6 16. Qh3 h5 17. Bxd6 Qxd6 18. Ne4 Qf4 19. Rae1 Na6 20.
Qc3 f5 21. Nf6+ Kf7 22. Nh7 Qd6 23. Re6 Qd8 24. Nxf8 Kxf8 25. Qh8+ Kf7 26.
Qh7+ Kf8 27. Rxg6 Qxd5 28. Re1 Qf7 29. Qh6+ {Black resigns} 1-0

[Event "ICC tourney 2875 (40 10)"]
[Site "Internet Chess Club"]
[Date "2022.04.09"]
[Round "2"]
[White "MITRABHA, GUHA:babysnake"]
[Black "JEGAN, ALAN:playtowin2020"]
[Result "1-0"]
[ICCResult "Black resigns"]
[WhiteElo "2560"]
[BlackElo "2037"]
[Opening "Réti opening"]
[ECO "A04"]
[NIC "QP.10"]
[Time "13:18:44"]
[PlyCount "83"]
[TimeControl "2400+10"]

1. Nf3 c5 2. g3 g6 3. Bg2 Bg7 4. O-O d5 5. c4 Nf6 6. d4 cxd4 7. Nxd4 Nc6 8.
Nc3 Nxd4 9. Qxd4 dxc4 10. Qxd8+ Kxd8 11. Rd1+ Nd7 12. Bf4 Bxc3 13. bxc3 e6
14. Rab1 Ke8 15. Bxb7 Bxb7 16. Rxb7 Nb6 17. Be5 Rg8 18. e4 g5 19. a4 Rd8 20.
Rxd8+ Kxd8 21. Rxa7 Ke8 22. a5 Nc8 23. Rb7 f5 24. a6 fxe4 25. a7 Nxa7 26.
Rxa7 h5 27. Ra8+ Kf7 28. Rxg8 Kxg8 29. h3 Kf7 30. g4 Kg6 31. Kf1 hxg4 32.
hxg4 Kf7 33. Ke2 Ke7 34. Ke3 Kd7 35. Kxe4 Kc6 36. Bf6 Kc5 37. Bxg5 Kd6 38.
Bf6 Kd7 39. Ke5 Ke8 40. Kxe6 Kf8 41. f4 Kg8 42. f5 {Black resigns} 1-0

[Event "ICC tourney 2875 (40 10)"]
[Site "Internet Chess Club"]
[Date "2022.04.09"]
[Round "2"]
[White "NATHAN, NITISH SG:K06-15494283"]
[Black "Laido, Olivia:beibeiolivia"]
[Result "1-0"]
[ICCResult "Black checkmated"]
[WhiteElo "1908"]
[BlackElo "1646"]
[Opening "Queen's pawn, Mason variation"]
[ECO "D00"]
[NIC "QP.08"]
[Time "13:15:06"]
[PlyCount "75"]
[TimeControl "2400+10"]

1. d4 d5 2. Bf4 Nf6 3. e3 e6 4. Nd2 Be7 5. Bd3 O-O 6. c3 b6 7. h3 Bb7 8. Qb1
Nbd7 9. Ngf3 h6 10. O-O c5 11. a4 Rc8 12. Ne5 Nxe5 13. dxe5 Nd7 14. Nf3 c4
15. Bh7+ Kh8 16. Nd4 Nc5 17. Bc2 Bg5 18. Bh2 a6 19. f4 Bh4 20. f5 Qe7 21.
Qd1 Bg5 22. Kh1 f6 23. fxe6 fxe5 24. Bxe5 Rxf1+ 25. Qxf1 Rf8 26. Nf5 Rxf5
27. Qxf5 Ne4 28. Bxe4 dxe4 29. Qf7 Qxf7 30. exf7 Be7 31. Rd1 Bc6 32. Bd6 h5
33. Bxe7 h4 34. f8=Q+ Kh7 35. Qf5+ Kh6 36. Bg5+ Kh5 37. Bf4+ g5 38. Qxg5#
{Black checkmated}
1-0

[Event "ICC tourney 2875 (40 10)"]
[Site "Internet Chess Club"]
[Date "2022.04.09"]
[Round "2"]
[White "Vittal, Sanjana:MCTS13"]
[Black "IVANOV, ALEXANDER:marble"]
[Result "0-1"]
[ICCResult "White resigns"]
[WhiteElo "1980"]
[BlackElo "2391"]
[Opening "Robatsch (modern) defense"]
[ECO "B06"]
[NIC "KF.06"]
[Time "13:15:05"]
[PlyCount "40"]
[TimeControl "2400+10"]

1. e4 g6 2. Nc3 Bg7 3. Bc4 e6 4. d3 Ne7 5. Bb3 d5 6. exd5 exd5 7. Nf3 O-O 8.
O-O Nbc6 9. Bg5 h6 10. Bh4 g5 11. Bg3 Bg4 12. Re1 Nd4 13. Rxe7 Qxe7 14. Nxd5
Qd7 15. Ne5 Qxd5 16. Bxd5 Bxd1 17. Rxd1 Ne2+ 18. Kf1 Nxg3+ 19. hxg3 Bxe5 20.
d4 Bg7 {White resigns} 0-1